 Dungeon Crawl Stone Soup version 0.16.0-11-gd45b091 (webtiles) character file.

23 timbw the Conjurer (level 3, 0/19 HPs)
             Began as a Tengu Wizard on Mar 18, 2015.
             Slain by a gnoll
             ... wielding a cursed -1 whip
              (9 damage)
             ... on level 2 of the Dungeon.
             The game lasted 00:03:02 (920 turns).

timbw the Conjurer (Tengu Wizard)                    Turns: 920, Time: 00:03:03

Health: 0/19       AC:  2    Str:  7    XL:     3   Next: 0%
Magic:  0/8        EV: 12    Int: 19    God:
Gold:   34         SH:  0    Dex: 12    Spells: 3 memorised, 2 levels left

rFire  . . .     SeeInvis .     (no weapon)
rCold  . . .     Clarity  .     a - +0 robe
rNeg   + . .     SustAb   .     (no shield)
rPois  +         Gourm    .     b - +0 hat
rElec  .         Spirit   .     (no cloak)
rCorr  .         Warding  .     (no gloves)
rMut   .         Stasis   .     (boots unavailable)
MR     .....                    (no amulet)
Stlth  ++........               p - ring of positive energy
                                m - ring of poison resistance

@: not resistant to hostile enchantments, unstealthy
A: beak, talons 3
a: no special abilities


You were on level 2 of the Dungeon.
You were not hungry.

You visited 1 branch of the dungeon, and saw 2 of its levels.

You collected 34 gold pieces.

Inventory:

Missiles
 g - a throwing net (quivered)
 h - 3 javelins
Armour
 a - a +0 robe (worn)
 b - a +0 hat (worn)
Jewellery
 m - a ring of poison resistance (left hand)
 p - a ring of positive energy (right hand)
Scrolls
 f - 3 scrolls of identify {unknown}
 i - a scroll of random uselessness {unknown}
 o - a scroll of magic mapping {unknown}
Potions
 e - a potion of agility {unknown}
 k - 4 potions of curing {unknown}
 l - a potion of heal wounds {unknown}
Books
 c - a book of Minor Magic

   Spells                             Type                      Level
   a - Magic Dart                     Conjuration                  1
   b - Blink                          Translocation                2
   c - Call Imp                       Summoning                    2
   d - Repel Missiles                 Charms/Air                   2
   e - Slow                           Hexes                        2
   f - Conjure Flame                  Conjuration/Fire             3
   g - Mephitic Cloud                 Conjuration/Poison/Air       3
Comestibles
 d - a bread ration
 j - 3 fruits
 n - a chunk of flesh
 q - a slice of pizza


   Skills:
 - Level 2.1 Dodging
 - Level 2.0 Stealth
 * Level 3.0 Spellcasting
 * Level 3.7 Conjurations
   Level 1.2 Summonings
   Level 0.7 Translocations


You had 2 spell levels left.
You knew the following spells:

 Your Spells              Type           Power        Failure   Level  Hunger
a - Magic Dart            Conj           ###.         3%          1    None
b - Conjure Flame         Conj/Fire      ##......     21%         3    ###....
c - Repel Missiles        Chrm/Air       #.....       24%         2    ##.....


Dungeon Overview and Level Annotations

Branches:
Dungeon (2/15)

Altars:


Innate Abilities, Weirdness & Mutations

You have a beak for a mouth.
You have claws for feet.


Message History

You don't have enough magic to cast that spell.
Unknown command.
Throwing (i - inventory. (,) - cycle):
h - 5 javelins (quivered)
Press: ? - help, Shift-Dir - straight line, f/p - gnoll
Aim: a gnoll, wielding a whip (severely wounded, fast)
You throw a javelin. The javelin barely misses the gnoll.
The gnoll barely misses you. The gnoll hits you with a whip.
Throwing (i - inventory. (,) - cycle):
h - 4 javelins (quivered)
Press: ? - help, Shift-Dir - straight line, f/p - gnoll
Aim: a gnoll, wielding a whip (severely wounded, fast)
You throw a javelin. The javelin closely misses the gnoll.
The gnoll barely misses you.
Throwing (i - inventory. (,) - cycle):
h - 3 javelins (quivered)
Press: ? - help, Shift-Dir - straight line, f/p - gnoll
Aim: a gnoll, wielding a whip (heavily wounded, fast)
Okay, then.
Quiver which item? (- for none, * to show all) (? for menu, Esc to quit)
Quivering
g - a throwing net for throwing.
The gnoll hits you with a whip!
You die...

### ..# ##.#######
#.......... #####
#..####### ...# #..#
#?.###.#####..#
#..(g.)...)g..#########
g.g..##...#####g@........
. ......... #.#########
####...#.# #.# ##.##.#
#.# ..# . ..# #### .....
.#.# ...# ###


You could see 2 gnolls.

Vanquished Creatures
  A worm (D:2)
  An ooze (D:1)
  A ball python (D:1)
  A bat (D:1)
  3 goblins
  2 hobgoblins
  2 giant cockroaches (D:1)
  A giant newt (D:1)
  A jackal (D:1)
  A kobold (D:2)
  3 rats (D:1)
17 creatures vanquished.

Notes
Turn   | Place    | Note
--------------------------------------------------------------
     0 | D:1      | timbw, the Tengu Wizard, began the quest for the Orb.
     0 | D:1      | Reached XP level 1. HP: 10/10 MP: 4/4
   392 | D:1      | Reached XP level 2. HP: 7/15 MP: 0/7
   891 | D:2      | Reached XP level 3. HP: 19/19 MP: 2/8
   898 | D:2      | Learned a level 3 spell: Conjure Flame
   901 | D:2      | Learned a level 2 spell: Repel Missiles
   920 | D:2      | Slain by a gnoll

Action                   || total
-------------------------++-------
Melee: Unarmed           ||     7
Throw: Throwing net      ||     1
       Javelin           ||     8
 Cast: Magic Dart        ||    42
